Map: Pillars of Gold LE

Players

BROFESTOR - Winner!

  • Race: Zerg Zerg
  • League: Master
  • Spawn Location: 1:00

Osiris

  • Race: Terran Terran
  • League: Diamond
  • Spawn Location: 7:00

VOD

Have the link to the VOD?

Description

Time

  • Played on: Jan. 3, 2021, 4:18 a.m.
  • Length: 14:43
Show
View Real Time Build Order
Export as new Build Order

BROFESTOR Zerg - Winner!

Build Orders: Pool First, Lurkers, Roach Hydra 

Get SALT Encoding   

  12  0:01  Drone  
  13  0:09  Drone  
  14  0:24  Extractor  
  14  0:25  Drone x2, Extractor  
  14  0:27  Overlord  
  16  0:44  Spawning Pool  
  16  0:50  Drone  
  16  0:53  Drone  
  17  1:13  Hatchery  
  17  1:20  Hatchery  
  17  1:24  Drone  
  17  1:25  Extractor  
  16  1:26  Drone  
  17  1:35  Overlord  
  17  1:38  Zergling x2  
  18  1:48  Roach Warren  
  18  1:50  Zergling x2  
  18  2:03  Queen  
  20  2:28  Roach x3  
  26  2:32  Roach  
  28  2:42  Roach  
  30  2:45  Queen  
  32  2:51  Drone  
  33  2:58  Overlord  
  33  3:05  Drone  
  34  3:06  Drone  
  35  3:14  Ravager  
  35  3:18  Drone  
  35  3:19  Drone  
  38  3:21  Drone  
  38  3:23  Drone  
  40  3:27  Drone  
  40  3:31  Drone  
  42  3:39  Drone x2  
  44  3:44  Metabolic Boost  
  44  3:50  Overlord  
  44  4:08  Ravager  
  44  4:09  Overlord x2  
  42  4:12  Drone x3  
  42  4:14  Drone  
  43  4:17  Drone x3  
  46  4:25  Overlord  
  46  4:31  Overlord x2  
  46  4:48  Queen  
  48  4:53  Drone x2  
  48  4:54  Drone  
  48  4:59  Drone x2, Hatchery  
  52  5:00  Evolution Chamber  
  51  5:09  Lair  
  50  5:14  Spore Crawler  
  50  5:15  Drone, Spore Crawler  
  50  5:20  Drone x3, Extractor  
  51  5:22  Drone, Extractor  
  51  5:28  Zerg Ground Armor Level 1  
  51  5:30  Drone  
  51  5:31  Drone  
  51  5:33  Drone  
  51  5:34  Drone  
  55  5:46  Queen  
  57  5:57  Drone x2  
  57  5:58  Drone x8  
  67  6:05  Drone  
  67  6:08  Evolution Chamber  
  67  6:13  Queen  
  67  6:15  Drone  
  67  6:16  Drone x3  
  67  6:18  Glial Reconstitution  
  73  6:23  Extractor, Hydralisk Den  
  71  6:31  Drone x5  
  76  6:34  Zerg Missile Weapons Level 1  
  76  6:35  Overlord  
  76  6:37  Roach  
  76  6:38  Roach  
  80  6:40  Roach  
  83  6:47  Drone  
  83  6:56  Drone x2  
  83  6:57  Drone x7  
  83  7:01  Extractor  
  91  7:02  Extractor, Grooved Spines  
  91  7:05  Roach x3  
  96  7:14  Drone x2  
  94  7:26  Hydralisk x5  
  104  7:30  Overlord  
  104  7:31  Overlord x2  
  104  7:33  Overseer  
  103  7:39  Spore Crawler  
  103  7:41  Drone x2  
  102  7:48  Drone x2  
  103  7:52  Hatchery  
  103  7:55  Overlord  
  102  8:00  Drone x2  
  102  8:02  Drone  
  102  8:03  Overlord x2  
  102  8:04  Zerg Ground Armor Level 2  
  105  8:13  Muscular Augments  
  105  8:23  Spore Crawler  
  105  8:25  Infestation Pit  
  105  8:26  Hydralisk  
  105  8:27  Spore Crawler x2, Hydralisk x5  
  102  8:29  Hydralisk  
  102  8:32  Hydralisk  
  119  8:34  Roach  
  119  8:36  Roach  
  119  8:37  Roach  
  119  8:39  Drone x6  
  129  8:46  Drone x3  
  132  8:53  Hydralisk  
  132  8:54  Roach x3  
  140  9:02  Overlord  
  140  9:06  Hydralisk x5  
  140  9:08  Zergling x2  
  145  9:12  Ravager x2  
  135  9:33  Hydralisk x6  
  135  9:34  Zergling x2, Roach x4  
  135  9:35  Zergling x8  
  147  9:47  Drone x4  
  147  9:52  Hive  
  151  9:56  Drone  
  151  9:57  Lurker Den  
  151  10:02  Drone x4  
  151  10:03  Drone x2  
  151  10:04  Drone x7  
  151  10:06  Extractor  
  163  10:07  Spore Crawler  
  163  10:08  Extractor  
  158  10:17  Zerg Missile Weapons Level 2  
  158  10:20  Overlord x4  
  158  10:33  Queen  
  125  10:45  Hydralisk x3  
  125  10:46  Hydralisk x8  
  125  10:48  Hydralisk  
  130  11:09  Roach x7  
  130  11:10  Roach x5  
  146  11:19  Zerg Ground Armor Level 3  
  146  11:25  Adaptive Talons  
  140  11:29  Pneumatized Carapace  
  140  11:40  Hatchery  
  140  11:45  Lurker x2  
  140  11:46  Lurker x2  
  143  11:57  Drone x5  
  143  11:58  Drone x6  
  143  11:59  Hydralisk x5  
  143  12:00  Hydralisk  
  166  12:15  Extractor x2  
  164  12:22  Seismic Spines  
  146  12:34  Viper x3  
  146  12:37  Viper  
  154  12:57  Zergling x2, Hydralisk x2, Roach x14  
  169  13:03  Hatchery  
  166  13:25  Spore Crawler  
  166  13:26  Spine Crawler, Drone x9  
  173  13:28  Roach x5  
  173  13:29  Roach x2  
  156  13:51  Hydralisk x14  
  156  13:52  Hydralisk  
  162  14:10  Extractor  
  162  14:13  Hydralisk  
  162  14:15  Extractor, Hatchery  
  162  14:16  Hydralisk x6  
  162  14:17  Hydralisk x6  
  163  14:19  Overseer  
Show
View Real Time Build Order
Export as new Build Order

Osiris Terran 

Build Orders: Reaper Expand 

Get SALT Encoding   

  12  0:00  SCV  
  13  0:13  SCV  
  14  0:18  Supply Depot  
  14  0:25  SCV  
  15  0:39  SCV  
  15  0:41  Barracks  
  16  0:45  Refinery  
  16  0:51  SCV  
  17  1:03  SCV  
  18  1:16  SCV  
  19  1:28  Orbital Command, Reaper  
  20  1:45  Command Center  
  20  1:54  SCV  
  21  1:58  Supply Depot  
  21  2:00  Marine  
  22  2:06  SCV  
  22  2:19  Bunker  
  22  2:26  Factory  
  22  2:27  Marine, Refinery  
  23  2:32  SCV  
  24  2:48  Marine  
  25  2:52  SCV  
  25  2:58  Orbital Command  
  26  3:05  SCV  
  27  3:07  Marine  
  27  3:11  Factory Tech Lab  
  28  3:14  Starport  
  28  3:17  SCV  
  29  3:25  SCV  
  30  3:27  Marine  
  30  3:32  Siege Tank  
  34  3:46  Marine  
  34  3:47  Engineering Bay  
  29  4:04  Marine  
  28  4:10  SCV  
  28  4:11  Banshee  
  32  4:19  Supply Depot  
  32  4:28  Barracks Reactor  
  32  4:33  SCV  
  32  4:38  SCV  
  34  4:45  SCV  
  35  4:48  Bunker  
  35  4:50  SCV  
  36  4:56  Cloaking Field, Banshee  
  36  4:57  SCV  
  40  5:06  SCV  
  41  5:07  Command Center  
  41  5:09  SCV  
  42  5:15  Hellion  
  42  5:16  Hellion  
  46  5:24  Supply Depot  
  46  5:46  SCV x2  
  46  5:47  Barracks x2  
  46  5:48  Factory Reactor  
  48  5:51  Engineering Bay  
  48  5:52  Engineering Bay  
  48  5:58  SCV  
  48  6:00  Supply Depot  
  48  6:03  SCV  
  50  6:04  Supply Depot  
  50  6:10  SCV  
  51  6:21  Orbital Command  
  51  6:23  SCV x2  
  53  6:27  Terran Infantry Weapons Level 1, Terran Infantry Armor Level 1  
  53  6:31  Refinery  
  53  6:34  Refinery  
  53  6:35  SCV x2  
  55  6:41  Missile Turret  
  55  6:45  Marine x2, Missile Turret  
  57  6:47  SCV x2  
  57  6:48  Marine, Stimpack  
  61  6:54  SCV  
  61  6:57  Marine x2  
  61  6:58  Factory Tech Lab, Starport Reactor  
  61  6:59  SCV  
  64  7:09  Marine x2  
  64  7:10  Marine  
  67  7:15  Bunker  
  67  7:16  Bunker  
  67  7:31  Marine, SCV x3  
  67  7:32  Marine x4  
  67  7:33  Siege Tank  
  78  7:38  Medivac x2  
  78  7:43  SCV x2  
  84  7:46  Supply Depot  
  84  7:49  Marine  
  85  8:07  Marine x5  
  85  8:08  Siege Tank  
  93  8:13  Barracks  
  93  8:14  Barracks  
  93  8:21  Supply Depot, Armory  
  93  8:25  Marine, Supply Depot  
  93  8:26  SCV x3  
  97  8:28  Combat Shield  
  97  8:39  SCV x3  
  100  8:52  Marine  
  100  8:53  Marine x4  
  100  8:54  Siege Tank  
  108  9:07  Orbital Command  
  108  9:08  Medivac  
  108  9:09  Medivac  
  112  9:11  Barracks Reactor x2  
  112  9:21  Marine x4  
  106  9:32  Marine  
  106  9:33  Siege Tank  
  110  9:39  Marine x2  
  97  9:47  Marine  
  97  9:48  Marine x4  
  97  9:49  Marine  
  97  9:50  Marine  
  92  9:52  SCV  
  92  9:53  SCV  
  92  9:57  Terran Infantry Weapons Level 2, Terran Infantry Armor Level 2  
  93  10:04  Marine x2  
  93  10:05  Marine x2  
  93  10:06  Medivac x2  
  101  10:08  Marine x2, Marauder  
  105  10:16  Marine x2  
  105  10:17  Siege Tank  
  110  10:22  Marine, Factory  
  110  10:24  Concussive Shells  
  111  10:29  Barracks  
  111  10:31  Barracks  
  111  10:32  Marine x5  
  111  10:34  Marine  
  111  10:35  Marauder, Barracks  
  117  10:38  Marine  
  117  10:40  Marine  
  101  10:49  Marine  
  78  10:50  Marine x4, Siege Tank, Medivac x2  
  78  10:51  Marine  
  82  11:07  Factory Tech Lab  
  77  11:11  Orbital Command, Marine  
  77  11:12  Marine x6  
  74  11:20  Marine x2  
  74  11:21  Medivac x2  
  76  11:29  Marine, SCV x2  
  76  11:30  Siege Tank x2  
  76  11:31  Marine x5  
  90  11:35  Barracks Tech Lab  
  90  11:36  Barracks Tech Lab  
  90  11:38  Barracks Tech Lab  
  90  11:42  SCV  
  90  11:46  Marine x2  
  93  11:50  Terran Vehicle Weapons Level 1  
  93  11:53  Marine x5  
  98  11:59  Marine, Marauder x2  
  103  12:08  Marine, Siege Tank x2  
  109  12:09  Marine, Marauder  
  100  12:28  Marine  
  100  12:29  Marine x6  
  98  12:33  Marine  
  98  12:34  Marine x2  
  98  12:35  Marauder x2, Medivac x2  
  110  12:45  Siege Tank x2  
  110  12:46  Marine  
  110  12:50  Marine  
  108  13:05  Marine x3  
  108  13:06  Marine  
  108  13:08  Marine x3  
  108  13:09  Marauder  
  108  13:10  Missile Turret  
  116  13:15  Supply Depot  
  116  13:16  Missile Turret, Supply Depot  
  116  13:18  SCV  
  117  13:30  Marine  
  117  13:35  Marine  
  117  13:36  Marine x4, SCV x2, Medivac x2, Marauder  
  117  13:37  Marauder x2  
  119  13:42  Marine  
  119  13:43  Marine x2  
  119  13:48  Marine  
  104  13:53  Marine  
  104  13:54  Marine x4  
  108  13:58  Marauder x2  
  108  14:01  Marine x2  
  108  14:02  Marine x2  
  116  14:07  Marine  
  117  14:11  Marine, Siege Tank  
  117  14:14  Command Center  
  121  14:24  Marine x3  
  121  14:25  Marine x3  
Tags
 
Add a new tag
Caveats
  • Supply blocks, unpowered buildings, or Contaminate may cause inaccurate times.
  • Supply counts are checked every 10 seconds.